 Dungeon Sprint DCSS version 0.26.1-11-gd32895ea62 (webtiles) character file.

Game seed: 12709476090664216135

68 GenialerGandalf the Covered (level 4, -4/44 HPs)
             Began as a Minotaur Fighter on July 13, 2021.
             Drowned by a water elemental (10 damage)
             ... in the Dungeon (Sprint III: "The Ten Rune Challenge").
             The game lasted 00:01:01 (420 turns).

GenialerGandalf the Covered (Minotaur Fighter)       Turns: 420, Time: 00:01:02

Health: -4/44      AC:  7    Str: 22    XL:     4   Next: 1%
Magic:  3/3        EV:  8    Int:  5    God:
Gold:   5          SH: 10    Dex:  9    Spells: 3/3 levels left

rFire    . . .     SeeInvis .   a - +0 war axe
rCold    . . .     Faith    .   c - +0 kite shield
rNeg     . . .     Spirit   .   b - +0 scale mail
rPois    .         Reflect  .   (helmet restricted)
rElec    .         Harm     .   (no cloak)
rCorr    .         Rampage  .   (no gloves)
Will     .....     NoTele   +   (no boots)
Stlth    ..........             (no amulet)
HPRegen  0.14/turn              (no ring)
MPRegen  0.08/turn              (no ring)

@: engulfed (cannot breathe)
A: retaliatory headbutt, horns 2
a: no special abilities


You were in the Dungeon.
You visited 1 branch You collected 5 gold pieces.

Inventory:

Hand Weapons
 a - a +0 war axe (weapon)
Armour
 b - a +0 scale mail (worn)
 c - a +0 kite shield (worn)
Scrolls
 j - a scroll of blinking
Potions
 d - a potion of might
 e - a potion of curing
 f - a potion of heal wounds
 g - a potion of haste
 h - 2 potions of magic
 i - a potion of berserk rage
 k - a potion of brilliance {unknown}


   Skills:
 + Level 6.1 Fighting
 + Level 4.0 Axes
 + Level 6.3 Armour
 + Level 0.3 Dodging
 + Level 6.1 Shields


You had 3 spell levels left.
You didn't know any spells.
Your spell library was empty.

Dungeon Overview and Level Annotations

Branches:
Dungeon (1/1)

Altars:


Innate Abilities, Weirdness & Mutations

You reflexively headbutt those who attack you in melee.
You have a pair of horns on your head.


Message History

You open the door.
A water elemental comes into view.
You block the water elemental's attack.
There is an open door to the Ecumenical Temple here.
You completely miss the water elemental.
The water elemental hits you.
The water elemental engulfs you in water!
You completely miss the water elemental.
You headbutt the water elemental.
The water elemental is lightly damaged.
Your lungs strain for air!
The water elemental misses you. The water elemental hits you!
You hit the water elemental.
The water elemental is moderately damaged.
Your lungs strain for air!
The water elemental hits you!
* * * LOW HITPOINT WARNING * * *
You slash the water elemental! You headbutt the water elemental!
The water elemental is almost destroyed.
You die...

▓▓ ▓▓▓▓▓▓▓ ▓▓▓ .#
+...♣.♣ ♣.# .# #.....♣♣
♣♣.# '####....♣.♣ ♣..#
....#....≈♣♣♣♣..###+#+##
....#...≈≈.♣♣...#.......
....#..≈≈≈≈.....@E⌠.....
###'#..≈≈≈≈≈≈♣♣.#...####
)..†#.≈≈≈≈≈≈....#.⌠.#
....#.≈≈≈≈≈.....#...#
....#.≈≈≈.......#+###
#####...........#
................#
▓▓▓▓▓▓▓▓▓▓▓▓▓▓▓▓▓


You could see a water elemental.

Vanquished Creatures
  Jessica (D)
  A human (D)
  A wolf (D)
  2 oozes (D)
  A rat (D)
6 creatures vanquished.

Notes
Turn   | Place    | Note
-------+----------+-------------------------------------------
     0 | D        | GenialerGandalf the Minotaur Fighter began the quest for
                  | the Orb.
     0 | D        | Reached XP level 1. HP: 19/19 MP: 0/0
     7 | D        | Reached XP level 2. HP: 27/28 MP: 1/1
    15 | D        | Noticed Jessica
    28 | D        | Killed Jessica
    29 | D        | Reached skill level 5 in Fighting
    29 | D        | Reached skill level 5 in Armour
    29 | D        | Reached skill level 5 in Shields
    29 | D        | Reached XP level 3. HP: 23/36 MP: 2/2
   177 | D        | Reached XP level 4. HP: 13/44 MP: 3/3
   415 | D        | Noticed a water elemental
   420 | D        | Drowned by a water elemental

Illustrated notes

Levels and vault maps discovered:
D:        dungeon_sprint_mu [sprint_mu_entry_forest, sprint_mu_temple_rooms,
          sprint_mu_d1_spiders, sprint_mu_d2_genie, sprint_mu_d3_branching,
          sprint_mu_orc_legion, sprint_mu_elf_gauntlet, sprint_mu_hive_nellie,
          sprint_mu_lair_fedhas, sprint_mu_vaults_butterflies,
          sprint_mu_slime_circle, sprint_mu_swamp_cave, sprint_mu_snake_twists,
          sprint_mu_blade_basic, sprint_mu_crypt_lich, sprint_mu_tomb_spiral,
          sprint_mu_vestibule_basic, sprint_mu_gehenna_hellfire,
          sprint_mu_dis_giant, sprint_mu_tartarus_statrot,
          sprint_mu_cocytus_islands, sprint_mu_zot1]

Skill      XL: |  1  2  3 |
---------------+----------+-----
Fighting       | 4 5 6 |  6.1
Armour         | 4 5 6 |  6.3
Shields        | 4 5 6 |  6.1
Axes           | 3 4 |  4.0
Dodging        | |  0.3

Action                   |  1- 3 |  4- 6 || total
-------------------------+-------+-------++-------
Melee: War axe           |    18 |     4 ||    22
       Headbutt          |     3 |     2 ||     5
Armor: Scale mail        |     7 |       ||     7
Dodge: Dodged            |     8 |     1 ||     9
Block: Kite shield       |    12 |     1 ||    13
